 Dungeon Crawl Stone Soup version 0.28-a0-1629-gf728b707aa (webtiles) character file.

Game seed: 2815330830824887728

2 croobank the Sneak (level 1, -2/10 HPs)
             Began as a Felid Delver on Jan 24, 2022.
             Killed from afar by an orc wizard (11 damage)
             ... with a puff of flame
             ... on level 4 of the Dungeon.
             The game lasted 00:00:23 (30 turns).

croobank the Sneak (Felid Delver)                     Turns: 30, Time: 00:00:24

Health: -2/10      AC:  1    Str:  8    XL:     1   Next: 25%
Magic:  2/2        EV: 17    Int: 11    God:
Gold:   0          SH:  0    Dex: 17    Spells: 0/0 levels left
                                        Lives:  0   Deaths: 0

rFire   . . .      SeeInvis +     - Unarmed
rCold   . . .      Faith    .   (shield unavailable)
rNeg    . . .      Spirit   .   (armour unavailable)
rPois   .          Reflect  .   (helmet unavailable)
rElec   .          Harm     .   (cloak unavailable)
rCorr   .          Rampage  .   (gloves unavailable)
Will    .....                   (boots unavailable)
Stlth   +++.......              (no amulet)
HPRegen 0.03/turn               (no ring)
MPRegen 0.08/turn               (no ring)

@: hasted, very quick
A: very small, claws 1, fangs 3, see invisible, speed 1, shaggy fur 1, stealthy
paws, no weapons or thrown items, no armour, multi-lived
a: no special abilities


You were on level 4 of the Dungeon.
You visited 1 branch of the dungeon, and saw 2 of its levels.

Inventory:

Wands
 e - a wand of digging (3)
Scrolls
 a - a scroll of fog
 c - a scroll of fear


   Skills:
 + Level 3.0 Fighting
 + Level 2.7 Dodging
 + Level 6.6 Stealth
 + Level 2.0 Unarmed Combat


You couldn't memorise any spells.
You didn't know any spells.
Your spell library was empty.

Dungeon Overview and Level Annotations

Branches:
Dungeon (5/15)
 Temple: D:4-7

Altars:


Innate Abilities, Weirdness & Mutations

You have sharp claws.
You have razor-sharp teeth.
You have supernaturally acute eyesight. (SInv)
You cover ground quickly. (Speed+)
You are covered in fur. (AC +1)
Your paws help you pounce on unaware monsters.
You are incapable of wielding weapons or throwing items.
You cannot wear armour.
You gain extra lives every three experience levels.


Message History

Welcome, croobank the Felid Delver.
The Orb of Zot is coveted for many reasons.
Will you seize it for your own?
Press ? for a list of commands and other information.
Found 12 bolts.
Found a stone staircase leading down.
Found a stone staircase leading up.
There is a stone staircase leading up here.
You climb upwards.
You hear the sound of rushing water.
There is an entrance to a sewer on this level.
Hurry and find it before the portal rusts away!
The endoplasm quivers.
There is a stone staircase leading down here.
As you read the scroll of magic mapping, it crumbles to dust.
You feel aware of your surroundings.
You sensed 1 shop/portal.
The ball python hisses angrily.
You feel yourself speed up. The ball python closely misses you.
The ball python grabs you. The ball python constricts you.
You scratch the ball python.
You kill the ball python!
You scratch the endoplasm.
You kill the endoplasm!
Found a stone staircase leading down.
An orc wizard comes into view. It is wielding a +0 dagger.
The orc wizard shouts!
You hear an angry hiss.
An orc and an orc priest come into view.
The orc wizard gestures at you while chanting.
The puff of flame hits you!
Ouch! That really hurt!
You die...

,.,..**...,,,,**,,*,,***,*,,,,**,
..#.##........#..#*,** *,,,,,,,*,
..#.##........#..#*** *,,,,,,,,,
,#..............># **,,,,,,,,,
##...........#...# *,,,,,,,,,<
#...............#* **,,,,,,,,,,
..†.............### **,,,,,,,,,,,
..................###,,,,,,,,,,,,
>...............@...#,,,,,,,,,,,,
...............###.....o,,,,,,,,,
.............### **#o...,,,,,,,,,
............## **...,,,,,,,,,
...........## ***.,,,,,,,,,
..........##*** **,,,,,,,,,
............,,* **** ***,,,,,,,
............,,* **,,******,,,***
,,,,,,,,,,,,,** *,,,,,,***,*****


You could see an orc wizard and an orc (wandering).

Vanquished Creatures
  An endoplasm (D:4)
  A ball python (D:4)
2 creatures vanquished.

Notes
Turn   | Place    | Note
-------+----------+-------------------------------------------
     0 | D:5      | croobank the Felid Delver began the quest for the Orb.
     0 | D:5      | Reached XP level 1. HP: 10/10 MP: 2/2
    29 | D:4      | Noticed an orc wizard
    30 | D:4      | Noticed an orc priest
    30 | D:4      | Killed from afar by an orc wizard

Illustrated notes

Levels and vault maps discovered:
D:4:      layout_cave_pods, cheibrodos_sewer_entry_sluice
D:5:      layout_cave_pools, old_standard_altar,
          lemuel_zombie_altar_kikubaaqudgha, okawaru_ov_weapons_minmay,
          ebering_ghost_disaster_area, uniq_prince_ribbit1

Action                   || total
-------------------------++-------
Melee: Unarmed           ||     2
  Use: Scroll            ||     1
       Potion            ||     1
Dodge: Dodged            ||     1

Table legend: (Time is in decaauts)
 A = Elapsed time spent in this place.
 B = Non-inter-level travel time spent in this place.
 C = Inter-level travel time spent in this place.
 D = Time resting spent in this place.
 E = Time spent auto-exploring this place.
 F = Levels seen in this place.
 G = Mean time per level.
                   A        B        C        D        E       F      G
               +--------+--------+--------+--------+--------+-----+--------+
         Total |     19 |     19 |      0 |      0 |      0 |   2 |    9.5 |
       Dungeon |     19 |     19 |      0 |      0 |      0 |   2 |    9.5 |
               +--------+--------+--------+--------+--------+-----+--------+

Top non-repeatable levels by time:
     D:4: 13 daAuts
     D:5: 6 daAuts
